 Dungeon Crawl Stone Soup version 0.21.1-1-g345015f (webtiles) character file.

131180 Mesmaeker13 the Scorcher (level 17, -8/99 HPs)
             Began as a Gargoyle Fire Elementalist on May 30, 2018.
             Was a High Priest of Vehumet.
             Killed by Shatter
             ... invoked by Jorgrun
              (70 damage)
             ... on level 3 of the Shoals on May 31, 2018.
             The game lasted 01:48:22 (35761 turns).

Mesmaeker13 the Scorcher (GrFE)                    Turns: 35761, Time: 01:48:24

Health: -8/99      AC: 31    Str: 12    XL:     17   Next: 9%
Magic:  3/31       EV: 27    Int: 28    God:    Vehumet [*****.]
Gold:   1765       SH: 12    Dex: 17    Spells: 4/36 levels left

rFire    + . .     SeeInvis .   P - +8 falchion of Theory {pain, rElec rC+ rN+ Dex+2}
rCold    . . .     Gourm    .   L - +2 buckler
rNeg     + + .     Faith    .   b - +3 leather armour of Activism {rElec rCorr Stlth+}
rPois    ∞         Spirit   .   i - +2 hat
rElec    +         Reflect  +   x - +2 cloak
rCorr    +         Harm     .   C - +2 pair of gloves
MR       +....                  V - +1 pair of boots
Stlth    ++++......             Y - amulet "Yzxouj" {Reflect rPois SH+4}
HPRegen  1.26/turn              y - ring of fire
MPRegen  0.22/turn              e - +3 ring of evasion

@: brilliant, agile, flying, regenerating
A: big wings, negative energy resistance 1, electricity resistance, unbreathing,
petrification resistance, rot immunity, AC +12
a: Stop Flying, Renounce Religion


You were on level 3 of the Shoals.
You worshipped Vehumet.
Vehumet was extremely pleased with you.
You were very hungry.

You visited 5 branches of the dungeon, and saw 27 of its levels.

You collected 2822 gold pieces.
You spent 1057 gold pieces at shops.

Inventory:

Hand Weapons
 K - a +6 scimitar of flaming
 P - the +8 falchion of Theory (weapon) {pain, rElec rC+ rN+ Dex+2}
   (You found it on level 1 of the Lair of Beasts)

   In the hands of one skilled in necromantic magic, it inflicts extra damage on
   living creatures.
   It affects your dexterity (+2).
   It protects you from cold.
   It insulates you from electricity.
   It protects you from negative energy.
Missiles
 h - 6 javelins (quivered)
Armour
 b - the +3 leather armour of Activism (worn) {rElec rCorr Stlth+}
   (You found it on level 2 of the Lair of Beasts)

   It insulates you from electricity.
   It protects you from acid and corrosion.
   It makes you more stealthy.
 i - a +2 hat (worn)
 x - a +2 cloak (worn)
 C - a +2 pair of gloves (worn)
 H - +0 fire dragon scales
 L - a +2 buckler (worn)
 V - a +1 pair of boots (worn)
Magical Staves
 s - an uncursed staff of fire
Jewellery
 e - a +3 ring of evasion (right hand)
 r - a cursed +1 ring of evasion
 y - a ring of fire (left hand)
 Y - the amulet "Yzxouj" (around neck) {Reflect rPois SH+4}
   (You bought it in a shop on level 14 of the Dungeon)

   [amulet of reflection]

   It shields you and reflects attacks.
   It protects you from poison.
   It affects your SH (+4).
Wands
 p - a wand of paralysis (15)
Scrolls
 d - 7 scrolls of teleportation
 g - 4 scrolls of fog
 l - 3 scrolls of enchant weapon
 q - a scroll of amnesia
 u - a scroll of immolation {unknown}
 B - a scroll of torment {unknown}
 D - a scroll of summoning {unknown}
 E - 4 scrolls of remove curse
 N - 2 scrolls of magic mapping
 R - 3 scrolls of blinking
 T - a scroll of acquirement {unknown}
Potions
 a - a potion of agility
 j - 2 potions of degeneration {unknown}
 k - a potion of cancellation
 m - a potion of might
 n - 5 potions of haste
 o - 6 potions of curing
 t - a potion of brilliance
 z - a potion of resistance {unknown}
 A - 3 potions of ambrosia
 F - 3 potions of mutation {unknown}
 O - a potion of flight {unknown}
 S - a potion of heal wounds
Comestibles
 c - 22 rations


   Skills:
 - Level 8.4 Fighting
 - Level 5.4 Long Blades
 - Level 10.7 Armour
 - Level 10.3 Dodging
 - Level 2.1 Stealth
 - Level 6.0 Shields
 - Level 10.2 Spellcasting
 - Level 11.4 Conjurations
 + Level 5.7 Summonings
 - Level 8.0 Necromancy
 - Level 15.0 Fire Magic


You had 4 spell levels left.
You knew the following spells:

 Your Spells              Type           Power        Failure   Level  Hunger
a - Spellforged Servitor  Conj/Summ      ######....   13%         7    ######.
b - Sticky Flame          Conj/Fire      ########     1%          4    None
c - Conjure Flame         Conj/Fire      ########     1%          3    None
d - Fireball              Conj/Fire      ########..   1%          5    ###....
e - Regeneration          Chrm/Necr      ######....   1%          3    None
f - Animate Dead          Necr           N/A          1%          4    None
g - Bolt of Fire          Conj/Fire      ########..   1%          6    #####..


Dungeon Overview and Level Annotations

Branches:
Dungeon (15/15)            Temple (1/1) D:5            Lair (6/6) D:8
 Shoals (3/4) Lair:3       Spider (0/4) Lair:4        Slime (0/5) Lair:6
    Orc (2/2) D:9             Elf (0/3) Orc:2        Vaults (0/5) D:14
 Depths (0/5) D:15

Altars:
Ashenzari
Cheibriados
Dithmenos
Elyvilon
Fedhas
Gozag
Hepliaklqana
Kikubaaqudgha
Makhleb
Nemelex Xobeh
Okawaru
Qazlal
Ru
Sif Muna
Trog
Uskayaw
Vehumet
Wu Jian
Xom
Yredelemnul
Zin
The Shining One
Beogh

Shops:
D:8 }   D:9 (   D:14 !}:=   Orc:1 =   Orc:2 ?[}!

Annotations:
D:4 2 transporters
D:5 Duvessa
D:14 exclusion: Roxanne, Roxanne
Lair:4 1 exclusion
Lair:5 Rupert
Shoals:3 Jorgrun


Innate Abilities, Weirdness & Mutations

You are resistant to torment.
Your stone body is resilient. (AC +12)
You are immune to poison.
Your large and strong wings let you fly indefinitely.
You resist negative energy. (rN+)
You are resistant to electric shocks. (rElec)
You can survive without breathing.
You are immune to petrification.
You are immune to rotting.


Message History

Unknown command.
Okay, then.
Okay, then.
Press: ? - help, v - describe, . - travel
Here: Jorgrun, wielding a quarterstaff of crushing and wearing a robe (severely wounded)
The floor.
Unknown command.
As you read the scroll of fear, it crumbles to dust.
You assume a fearsome visage.
Jorgrun resists with almost no effort.
Jorgrun hits you but does no damage.
You closely miss Jorgrun.
Jorgrun is severely wounded.
You block Jorgrun's attack.
You hit Jorgrun.
Jorgrun writhes in agony.
Jorgrun is severely wounded.
Jorgrun mumbles some strange words.
The dungeon rumbles around Jorgrun!
You shudder from the earth-shattering force.
Ouch! That really hurt!
You die...

≈≈≈≈≈≈≈≈≈≈≈≈≈..
≈≈≈≈≈≈≈≈≈≈≈≈≈..
≈≈≈≈≈≈≈≈≈≈≈≈...
≈≈≈≈≈≈≈≈≈≈≈....
≈≈≈≈≈≈.≈≈≈≈>..#
≈≈≈≈≈≈..≈≈≈...#
≈≈≈≈≈≈≈≈≈≈≈≈≈..
≈≈≈≈≈.g@≈≈≈≈≈≈.
≈≈≈≈≈..)≈≈≈.≈≈≈
≈≈≈.≈...≈≈≈....
≈≈..≈.##≈≈≈≈...
≈≈≈≈.# ≈≈≈...#
≈≈≈≈≈ ≈≈≈.###
≈≈≈≈ ≈≈≈.# ≈≈≈≈
≈≈≈.)


You could see Jorgrun.

Vanquished Creatures
  Polyphemus (Shoals:2)
  Kirke (D:15)
  Agnes (D:15)
  3 orc warlords
  The ghost of Jaiteiro the Blocker, a journeyman TrWr of Cheibriados (Orc:1)
  Josephine (Lair:4)
  2 fire dragons
  2 merfolk impalers (Shoals:1)
  A catoblepas (Shoals:2)
  11 hydras
  4 vault guards (D:14)
  Erica (D:8)
  2 ice dragons (D:15)
  8 two-headed ogres
  A death knight (D:15)
  3 centaur warriors
  3 merfolk avatars
  A merfolk aquamancer (Shoals:2)
  4 ogre magi (Orc:2)
  4 death yaks (Shoals:2)
  2 tengu warriors (D:14)
  Nergalle (Orc:2)
  The ghost of wilfster70 the Placeless Halfling, a novice HaWr of Okawaru (D:8)
  4 sea snakes
  3 wizards
  17 harpies
  Pikel (D:7)
  A lindwurm (Lair:6)
  A deep elf mage (D:12)
  A deep elf archer (D:14)
  A wolf spider zombie (D:13)
  6 orc knights
  The ghost of Cadaver the Cleaver, a novice HuFi of Okawaru (D:6)
  6 fauns
  5 slime creatures (D:12)
  6 manticores
  10 orc sorcerers
  3 cyclopes
  An ugly thing (D:12)
  9 elephants
  5 black mambas
  A centaur zombie (D:13)
  4 merfolk sirens
  Maurice (D:13)
  A water nymph (Shoals:2)
  3 molten gargoyles (Lair:6)
  12 spiny frogs
  A yaktaur (D:14)
  A redback zombie (D:14)
  3 rime drakes
  7 komodo dragons
  7 polar bears (Lair:4)
  A hornet (shapeshifter) (D:14)
  8 merfolk
  A queen bee (D:10)
  7 trolls
  2 harpy zombies (Shoals:1)
  4 hornets
  2 wind drakes
  Prince Ribbit (D:8)
  12 blink frogs
  12 hippogriffs
  6 snapping turtles
  7 dream sheep
  A meliai zombie (D:15)
  Sigmund (D:5)
  A shadow (D:11)
  3 water elementals
  13 wraiths
  8 wyverns
  5 hogs (D:15)
  41 yaks
  2 basilisks
  2 steam dragons (Lair:6)
  A hungry ghost (D:8)
  3 vampire mosquitoes (D:12)
  17 wargs
  Menkaure (D:7)
  Edmund (D:5)
  An acid dragon (D:11)
  14 water moccasins
  A soldier ant (D:11)
  4 hell hounds (Lair:6)
  12 porcupines
  29 orc warriors
  2 slaves (D:7)
  3 sky beasts
  2 eyes of draining (D:13)
  An ice beast (D:7)
  3 phantoms
  2 black bears (D:8)
  A necrophage (D:11)
  13 ogres
  15 centaurs
  9 crocodiles
  2 big kobolds
  23 bullfrogs
  2 hippogriff zombies (Shoals:1)
  A wyvern zombie (D:12)
  Dowan (D:5)
  4 scorpions
  29 killer bees
  10 wights
  3 howler monkeys
  2 electric eels (D:7)
  3 jellies
  3 bullfrog zombies
  6 crimson imps
  A quasit (D:5)
  3 lava snakes (Lair:6)
  4 centaur skeletons
  15 orc priests
  A gnoll shaman (D:6)
  35 orc wizards
  9 hounds
  2 bullfrog skeletons
  3 iguanas
  13 worker ants
  2 hound skeletons
  2 worker ant zombies
  7 gnolls
  11 adders
  2 howler monkey skeletons
  2 shadow imps
  3 oozes
  3 adder skeletons
  A worm (D:3)
  2 dart slugs (D:1)
  7 leopard geckos
  123 orcs
  A bat zombie (Shoals:1)
  4 giant cockroaches
  21 goblins
  17 hobgoblins
  7 jackals
  18 kobolds
  6 quokkas
  5 bats
  2 frilled lizards
  2 leopard gecko skeletons (D:4)
  A quokka zombie (D:3)
  16 rats
896 creatures vanquished.

Vanquished Creatures (collateral kills)
  An orc (Orc:2)
1 creature vanquished.

Vanquished Creatures (others)
  A harpy (Shoals:1)
  A faun (Shoals:1)
  A merfolk (Shoals:3)
  A slime creature (D:12)
  A human (D:15)
  A lava snake (Lair:6)
  2 orc wizards (Orc:2)
  4 fungi
  16 plants
28 creatures vanquished.

Grand Total: 925 creatures vanquished

Notes
Turn   | Place    | Note
-------+----------+-------------------------------------------
     0 | D:1      | Mesmaeker13 the Gargoyle Fire Elementalist began the quest for the Orb.
     0 | D:1      | Reached XP level 1. HP: 10/10 MP: 3/3
   245 | D:1      | Reached XP level 2. HP: 15/15 MP: 0/5
   834 | D:1      | Reached XP level 3. HP: 15/19 MP: 6/6
  1879 | D:2      | Found a radiant altar of Vehumet.
  1889 | D:2      | Learned a level 2 spell: Throw Flame
  2003 | D:2      | Found a glowing golden altar of the Shining One.
  2019 | D:2      | Reached XP level 4. HP: 24/24 MP: 4/7
  2769 | D:2      | Noticed a moth of wrath
  2772 | D:2      | Found a bloodstained altar of Trog.
  2806 | D:2      | Reached skill level 4 in Fire Magic
  3079 | D:3      | Reached XP level 5. HP: 28/28 MP: 4/8
  3215 | D:3      | Learned a level 3 spell: Conjure Flame
  3267 | D:3      | Found a hazy altar of Hepliaklqana.
  3972 | D:4      | Found an ornate altar of the Wu Jian Council.
  4004 | D:3      | Reached XP level 6. HP: 15/32 MP: 0/9
  4535 | D:4      | Found a deep blue altar of Sif Muna.
  4535 | D:4      | Found a sacrificial altar of Ru.
  4535 | D:4      | Found a glowing silver altar of Zin.
  4535 | D:4      | Noticed a hungry ghost
  4536 | D:4      | Noticed a necrophage
  4537 | D:4      | Found a transporter.
  4590 | D:4      | Found a transporter.
  5085 | D:4      | Found a shadowy altar of Dithmenos.
  5225 | D:5      | Entered Level 5 of the Dungeon
  5233 | D:5      | Reached skill level 5 in Fire Magic
  5297 | D:5      | Learned a level 4 spell: Sticky Flame
  5366 | D:5      | Reached XP level 7. HP: 29/36 MP: 5/10
  5421 | D:5      | Noticed Edmund
  5439 | D:5      | Killed Edmund
  5562 | D:5      | Reached skill level 5 in Conjurations
  5607 | D:5      | Noticed Sigmund
  5622 | D:5      | Killed Sigmund
  5767 | D:5      | Noticed Dowan
  5783 | D:5      | Reached XP level 8. HP: 18/41 MP: 6/11
  5794 | D:5      | Found a staircase to the Ecumenical Temple.
  5795 | D:5      | Killed Dowan
  5795 | D:5      | Reached skill level 6 in Fire Magic
  6319 | D:5      | Noticed Duvessa
  6325 | Temple   | Entered the Ecumenical Temple
  6534 | D:2      | Became a worshipper of Vehumet
  6939 | D:6      | Noticed Cadaver's ghost (novice HuFi)
  7103 | D:6      | Reached skill level 5 in Dodging
  7608 | D:7      | Found an iron altar of Okawaru.
  7662 | D:7      | Found a blossoming altar of Fedhas.
  7682 | D:7      | Noticed a wizard
  7682 | D:7      | Noticed a wizard
  7711 | D:7      | Killed a wizard
  7711 | D:7      | Reached skill level 7 in Fire Magic
  7711 | D:7      | Reached XP level 9. HP: 45/45 MP: 5/12
  7734 | D:7      | Killed a wizard
  7821 | D:7      | Noticed Menkaure
  7824 | D:7      | Killed Menkaure
  7824 | D:7      | Reached skill level 8 in Fire Magic
  7923 | D:7      | Found the +6 lightning scales {run, rElec}
  8029 | D:8      | Noticed Erica
  8206 | D:7      | Reached * piety under Vehumet
  8206 | D:7      | Offered knowledge of Freeze by Vehumet.
  8549 | D:7      | Reached skill level 5 in Shields
  8644 | D:7      | Reached XP level 10. HP: 45/50 MP: 8/13
  8694 | D:7      | Found the +5 scythe "Finisher" {speed, Str+3}
  8711 | D:7      | Learned a level 5 spell: Fireball
  8754 | D:7      | Reached skill level 9 in Fire Magic
  8956 | D:6      | Killed Cadaver's ghost
  8956 | D:6      | Reached skill level 1 in Armour
  9538 | D:8      | Noticed Pikel
  9695 | D:7      | Killed Pikel
  9879 | D:8      | Found Koehar's Gadget Shoppe.
  9931 | D:8      | Killed Erica
 10142 | D:8      | Noticed wilfster70's ghost (novice HaWr)
 10164 | D:8      | Killed wilfster70's ghost
 10164 | D:8      | Reached skill level 10 in Fire Magic
 10164 | D:8      | Reached XP level 11. HP: 54/54 MP: 2/17
 10262 | D:8      | Reached skill level 5 in Armour
 10265 | D:8      | Reached skill level 1 in Fighting
 10331 | D:8      | Found a burning altar of Makhleb.
 10361 | D:8      | Noticed Prince Ribbit
 10372 | D:8      | Killed Prince Ribbit
 10372 | D:8      | Offered knowledge of Magic Dart by Vehumet.
 10377 | D:8      | Reached ** piety under Vehumet
 10540 | D:8      | Found a staircase to the Lair.
 10950 | D:9      | Reached skill level 5 in Spellcasting
 11130 | D:9      | Found a staircase to the Orcish Mines.
 11236 | D:9      | Offered knowledge of Throw Frost by Vehumet.
 11384 | D:9      | Reached *** piety under Vehumet
 11602 | D:9      | Found a shattered altar of Ashenzari.
 11683 | D:9      | Got a shimmering lapis lazuli ring
 11685 | D:9      | Identified the ring "Qacvull" {+Inv rN+ Str+4 Int+2 Dex-4} (You found it on level 9 of the Dungeon)
 11853 | D:9      | Found Pioxang's Antique Weapon Shoppe.
 11858 | D:9      | Bought a brightly glowing dagger for 203 gold pieces
 11859 | D:9      | Identified the +4 dagger of the Tundras {freeze, Str+6} (You bought it in a shop on level 9 of the Dungeon)
 11923 | D:9      | Offered knowledge of Force Lance by Vehumet.
 12131 | D:9      | Found an opulent altar of Gozag.
 12194 | D:10     | Entered Level 10 of the Dungeon
 12456 | D:10     | Reached **** piety under Vehumet
 12543 | D:10     | Offered knowledge of Venom Bolt by Vehumet.
 13254 | Lair:1   | Entered Level 1 of the Lair of Beasts
 13257 | Lair:1   | Noticed a six-headed hydra
 13270 | Lair:1   | Killed a six-headed hydra
 13525 | Lair:1   | Got a twisted falchion
 13745 | Lair:1   | Reached skill level 11 in Fire Magic
 14193 | Lair:1   | Identified the +8 falchion of Theory {pain, rElec rC+ rN+ Dex+2} (You found it on level 1 of the Lair of Beasts)
 14271 | Lair:2   | Reached skill level 5 in Fighting
 14271 | Lair:2   | Reached XP level 12. HP: 68/68 MP: 15/21
 15381 | Lair:2   | Got a heavily runed leather armour
 15394 | Lair:2   | Identified the +3 leather armour of Activism {rElec rCorr Stlth+} (You found it on level 2 of the Lair of Beasts)
 15479 | Lair:3   | Found a staircase to the Shoals.
 16620 | Lair:4   | Noticed a four-headed hydra
 16866 | Lair:3   | Killed a four-headed hydra
 17097 | Lair:4   | Reached skill level 12 in Fire Magic
 17097 | Lair:4   | Reached XP level 13. HP: 54/77 MP: 17/24
 17281 | Lair:4   | Reached ***** piety under Vehumet
 17282 | Lair:4   | Offered knowledge of Freezing Cloud by Vehumet.
 17548 | Lair:4   | Found a hole to the Spider Nest.
 17640 | Lair:4   | Noticed a fire dragon
 17709 | Lair:4   | Noticed Josephine
 17726 | Lair:4   | Killed Josephine
 17810 | Lair:4   | Learned a level 3 spell: Regeneration
 17930 | Lair:4   | Reached skill level 1 in Necromancy
 17973 | Lair:4   | Reached skill level 10 in Armour
 18119 | Lair:5   | Found a sparkling altar of Nemelex Xobeh.
 18138 | Lair:5   | Noticed Rupert
 18794 | Lair:5   | Paralysed by Rupert for 6 turns
 19033 | Lair:6   | Entered Level 6 of the Lair of Beasts
 19638 | Lair:6   | Reached skill level 13 in Fire Magic
 19895 | Lair:6   | Gained mutation: Your large and strong wings let you fly indefinitely. [Gargoyle growth]
 19895 | Lair:6   | Reached XP level 14. HP: 65/84 MP: 22/26
 20096 | Lair:6   | Found a large runed door.
 20096 | Lair:6   | Found a large runed door.
 20644 | Lair:6   | Reached skill level 5 in Necromancy
 20755 | Lair:6   | Offered knowledge of Poison Arrow by Vehumet.
 20975 | Lair:6   | Found a staircase to the Slime Pits.
 22054 | Orc:1    | Entered Level 1 of the Orcish Mines
 22065 | Orc:1    | Noticed Jaiteiro's ghost (journeyman TrWr)
 23330 | D:12     | Reached skill level 1 in Long Blades
 23871 | D:13     | Reached skill level 14 in Fire Magic
 24126 | D:13     | Offered knowledge of Bolt of Magma by Vehumet.
 24273 | D:13     | Noticed Maurice
 24281 | D:13     | Killed Maurice
 24857 | D:13     | Reached XP level 15. HP: 80/89 MP: 23/27
 24966 | D:13     | Noticed an orc warlord
 25286 | D:13     | Killed an orc warlord
 25794 | D:14     | Offered knowledge of Lightning Bolt by Vehumet.
 25940 | D:14     | Found Cost's Book Emporium.
 26046 | D:14     | Noticed Roxanne
 26107 | D:14     | Found Mampufra's Jewellery Boutique.
 26115 | D:14     | Bought the amulet "Yzxouj" {Reflect rPois SH+4} for 649 gold pieces
 26250 | D:14     | Found Ujur's Gadget Emporium.
 26358 | D:14     | Found Urithrod's Distillery.
 26433 | D:14     | Bought a potion of heal wounds for 65 gold pieces
 26700 | D:14     | Paralysed by an orc sorcerer for 5 turns
 26913 | D:14     | Found a gate to the Vaults.
 27140 | Lair:1   | Learned a level 4 spell: Animate Dead
 27282 | Orc:1    | Found Wiasos's Jewellery Emporium.
 27483 | Orc:1    | Killed Jaiteiro's ghost
 27631 | Orc:2    | Entered Level 2 of the Orcish Mines
 27912 | Orc:2    | Noticed an orc warlord
 27945 | Orc:2    | Killed an orc warlord
 27945 | Orc:2    | Reached skill level 5 in Long Blades
 28029 | Orc:2    | Noticed an orc warlord
 28059 | Orc:2    | Killed an orc warlord
 28072 | Orc:2    | Got a warped lapis lazuli ring
 28191 | Orc:2    | Got a glittering bronze amulet
 28317 | Orc:2    | Identified the Guide on Feathery Confrontation
 28321 | Orc:2    | Identified Sif Muna's Almanac of Flames and Venom
 28417 | Orc:2    | Offered knowledge of Conjure Ball Lightning by Vehumet.
 28914 | Orc:2    | Found a staircase to the Elven Halls.
 29183 | Orc:2    | Paralysed by an orc sorcerer for 3 turns
 29219 | Orc:2    | Found Ucsost's Distillery.
 29271 | Orc:2    | Found Qackiusu's Magic Scroll Emporium.
 29323 | Orc:2    | Found a radiant altar of Vehumet.
 29368 | Orc:2    | Reached skill level 15 in Fire Magic
 29377 | Orc:2    | Found Isus's Gadget Emporium.
 29381 | Orc:2    | Noticed Nergalle
 29410 | Orc:2    | Killed Nergalle
 29546 | Orc:2    | Found a roughly hewn altar of Beogh.
 29560 | Orc:2    | Found Xeuluc's Antique Armour Shoppe.
 29606 | Orc:2    | Found an ancient bone altar of Kikubaaqudgha.
 29919 | Orc:2    | Bought a potion of heal wounds for 70 gold pieces
 29919 | Orc:2    | Bought a potion of heal wounds for 70 gold pieces
 30255 | Orc:2    | Reached XP level 16. HP: 92/94 MP: 16/28
 30818 | D:15     | Entered Level 15 of the Dungeon
 31064 | D:15     | Reached skill level 10 in Conjurations
 31183 | D:15     | Identified the amulet "Benuexos" {rC+ MR- Regen+ Dex+4} (You took it off an orc warlord on level 2 of the Orcish Mines)
 31191 | D:15     | Found a staircase to the Depths.
 31306 | D:15     | Noticed Kirke
 31333 | D:15     | Killed Kirke
 31481 | D:15     | Identified the ring of Wuolatip {*Contam *Corrode rC+++ Str+4} (You took it off an orc warrior on level 2 of the Orcish Mines)
 31617 | D:15     | Noticed Agnes
 31625 | D:15     | Killed Agnes
 31638 | D:15     | Offered knowledge of Bolt of Fire by Vehumet.
 31648 | D:15     | Learned a level 6 spell: Bolt of Fire
 32136 | Shoals:1 | Entered Level 1 of the Shoals
 32450 | Shoals:1 | Reached skill level 10 in Dodging
 32711 | Shoals:1 | Reached skill level 10 in Spellcasting
 33732 | Lair:1   | Learned a level 7 spell: Spellforged Servitor
 33885 | Shoals:2 | Reached skill level 1 in Summonings
 35048 | Shoals:2 | Reached XP level 17. HP: 99/99 MP: 15/31
 35054 | Shoals:2 | Reached skill level 5 in Summonings
 35244 | Shoals:2 | Noticed Polyphemus
 35310 | Shoals:2 | Killed Polyphemus
 35701 | Shoals:3 | Noticed Jorgrun
 35761 | Shoals:3 | Killed from afar by Jorgrun

Skill      XL: |  1  2  3  4  5  6  7  8  9 10 11 12 13 14 15 16 17 |
---------------+----------------------------------------------------+-----
Dodging        | 2 3 4 5 7 9 10 | 10.3
Conjurations   | 2 3 4 5 7 8 9 11 | 11.4
Fire Magic     | 4 5 7 8 10 11 12 13 14 15 | 15.0
Shields        | 2 5 6 |  6.0
Armour         | 4 7 9 10 | 10.7
Spellcasting   | 4 6 7 8 10 | 10.2
Fighting       | 5 7 8 |  8.4
Necromancy     | 3 6 8 |  8.0
Long Blades    | 3 5 |  5.4
Summonings     | 4 5 |  5.7
Stealth        | |  2.1

Action                   |  1- 3 |  4- 6 |  7- 9 | 10-12 | 13-15 | 16-18 || total
-------------------------+-------+-------+-------+-------+-------+-------++-------
Melee: Unarmed           |    15 |       |       |       |       |     1 ||    16
       Dagger            |    24 |   124 |    28 |       |       |       ||   176
       Whip              |       |       |    34 |    52 |       |       ||    86
       Scimitar          |       |       |       |   288 |   328 |       ||   616
       Staff             |       |       |       |    38 |       |       ||    38
       Falchion          |       |       |       |     4 |   756 |   325 ||  1085
Throw: Javelin           |       |       |     1 |     1 |       |       ||     2
       Throwing net      |       |       |       |     3 |     2 |       ||     5
 Cast: Flame Tongue      |    49 |   132 |   127 |   132 |    44 |       ||   484
       Sticky Flame      |       |       |    13 |   106 |   161 |    73 ||   353
       Conjure Flame     |       |       |     1 |     1 |     1 |       ||     3
       Fireball          |       |       |       |    15 |    99 |    40 ||   154
       Regeneration      |       |       |       |       |     9 |    11 ||    20
       Animate Dead      |       |       |       |       |     2 |     2 ||     4
       Bolt of Fire      |       |       |       |       |       |     8 ||     8
 Abil: Evoke Berserk Rag |       |       |     1 |     1 |     3 |       ||     5
       Fly               |       |       |       |       |     1 |     1 ||     2
       Stop Flying       |       |       |       |       |     1 |       ||     1
Evoke: Wand              |       |       |     3 |     1 |     4 |       ||     8
  Use: Scroll            |     3 |     7 |     7 |     8 |    12 |     6 ||    43
       Potion            |       |       |     1 |     2 |     5 |     5 ||    13
 Stab: Sleeping          |     2 |     5 |     1 |     6 |     3 |       ||    17
       Distracted        |       |       |     1 |     1 |     3 |       ||     5
  Eat: Chunk             |     4 |    12 |     6 |    32 |    58 |    26 ||   138
       Ration            |       |       |     3 |     5 |     6 |     1 ||    15
Armor: Robe              |    21 |    65 |   117 |   192 |       |       ||   395
       Leather armour    |       |       |       |    48 |   566 |   214 ||   828
       Fire dragon scale |       |       |       |       |    16 |       ||    16
Dodge: Dodged            |    49 |   125 |   154 |   550 |   993 |   380 ||  2251
Block: Buckler           |       |       |     7 |   151 |   420 |   320 ||   898
       Reflection        |       |       |       |       |     4 |    15 ||    19
       Rpst.: Scimitar   |       |       |       |    98 |    85 |       ||   183
       Falchion          |       |       |       |     5 |   164 |    84 ||   253
